 Dungeon Crawl Stone Soup version 0.18-a0-1778-gadce9fa (webtiles) character file.

275 dobroeutro the Covered (level 6, -8/39 HPs)
             Began as a Gargoyle Fighter on Apr 16, 2016.
             Was an Initiate of Okawaru.
             Killed by divine providence
             ... invoked by an orc priest
              (13 damage)
             ... on level 4 of the Dungeon.
             The game lasted 00:05:46 (3965 turns).

dobroeutro the Covered (Gargoyle Fighter)           Turns: 3965, Time: 00:05:46

Health: -8/39      AC: 19    Str: 24    XL:     6   Next: 25%
Magic:  6/6        EV:  7    Int:  8    God:    Okawaru [......]
Gold:   203        SH: 10    Dex: 10    Spells: 0 memorised, 5 levels left

rFire  . . .     SeeInvis .     x - +2 mace (protect)
rCold  . . .     Gourm    +     b - +0 scale mail
rNeg   + . .     Faith    .     c - +0 shield
rPois  ∞         Spirit   .     o - +0 helmet
rElec  +         Dismiss  .     v - +0 cloak
rCorr  .         Reflect  .     (no gloves)
SustAt .         Harm     .     (no boots)
MR     .....                    w - amulet of the gourmand
Stlth  ..........               (no ring)
                                n - +3 ring of strength

@: not resistant to hostile enchantments, extremely unstealthy
A: negative energy resistance 1, electricity resistance, unbreathing,
petrification resistance, rot immunity, AC +4
a: Renounce Religion


You were on level 4 of the Dungeon.
You worshipped Okawaru.
Okawaru was noncommittal.
You were hungry.

You visited 1 branch of the dungeon, and saw 4 of its levels.

You collected 203 gold pieces.

Inventory:

Hand Weapons
 a - a +0 flail
 x - a +2 mace of protection (weapon)
Armour
 b - a +0 scale mail (worn)
 c - a +0 shield (worn)
 o - a +0 helmet (worn)
 v - a +0 cloak (worn)
Jewellery
 n - a +3 ring of strength (left hand)
 w - an amulet of the gourmand (around neck)
Scrolls
 g - 3 scrolls of enchant armour {unknown}
 h - a scroll of blinking {unknown}
 i - a scroll of teleportation {unknown}
 j - 2 scrolls of random uselessness {unknown}
 k - 4 scrolls of identify {unknown}
 m - 2 scrolls of remove curse {unknown}
 r - a scroll of amnesia {unknown}
 t - 2 scrolls of fear {unknown}
Potions
 d - a potion of might
 e - 2 potions of mutation {unknown}
 p - a potion of magic {unknown}
 q - a potion of flight {unknown}
 u - a potion of degeneration {unknown}
 z - a potion of curing {unknown}
 A - 2 potions of cancellation {unknown}
 B - a potion of agility {unknown}
Comestibles
 f - 3 bread rations
 l - a chunk of flesh
 s - 4 fruits


   Skills:
 + Level 4.3 Fighting
 + Level 3.6 Maces & Flails
 + Level 4.8 Armour
 + Level 4.7 Shields


You had 5 spell levels left.
You didn't know any spells.

Dungeon Overview and Level Annotations

Branches:
Dungeon (4/15)
 Temple: D:4-7

Altars:
Fedhas
Kikubaaqudgha
Okawaru
Sif Muna
Vehumet

Annotations:
D:4 skk's ghost, amateur DrFi


Innate Abilities, Weirdness & Mutations

You are resistant to torment.
Your stone body is resilient (AC +4).
You are immune to poison.
You resist negative energy.
You are resistant to electric shocks.
You can survive without breathing.
You are immune to petrification.
You are immune to rotting.


Message History

You are too injured to fight recklessly!
You are too injured to fight recklessly!
You are too injured to fight recklessly!
You closely miss the orc priest.
The orc priest is moderately wounded.
You are feeling hungry.
The orc priest hits you but does no damage.
You hit the orc priest.
The orc priest is moderately wounded.
You block the orc priest's attack.
You hit the orc priest.
The orc priest is severely wounded.
The orc priest looks braver for a moment.
The orc priest hits you with a flail.
* * * LOW HITPOINT WARNING * * *
You completely miss the orc priest.
The orc priest is severely wounded.
The orc priest invokes the aid of Beogh against you.
Beogh smites you!
You die...

...##........#...........^# #....
...##........#.........#### #....
...##........#.........# #....
...##........#.........# #....
...##........#.........# #....
...#########.#####.#÷#### #....
...#########.....#..<...# #####
................#######.#
...............o@)......#
......_........)#########
#...............######
#.......⌠.._....##...#
#..........[....##.#.############
#...............##.#...........##
#......._.......##......######.##
#........[............#.# #.##
#..................#.##.# #.##


You could see an orc priest.

Vanquished Creatures
  A scorpion (D:4)
  Crazy Yiuf (D:3)
  A centaur skeleton (D:4)
  Jessica (D:2)
  An iguana (D:4)
  5 adders
  3 dart slugs
  2 giant geckos
  4 orcs (D:4)
  A giant cockroach (D:1)
  8 goblins
  5 hobgoblins
  3 jackals (D:1)
  4 quokkas
  2 ball pythons
  11 bats
  2 giant newts
  10 kobolds
  6 rats
71 creatures vanquished.

Notes
Turn   | Place    | Note
--------------------------------------------------------------
     0 | D:1      | dobroeutro the Gargoyle Fighter began the quest for the Orb.
     0 | D:1      | Reached XP level 1. HP: 14/14 MP: 1/1
    73 | D:1      | Reached XP level 2. HP: 9/19 MP: 2/2
   397 | D:1      | Reached XP level 3. HP: 23/23 MP: 3/3
  1000 | D:2      | Reached XP level 4. HP: 27/29 MP: 4/4
  1194 | D:2      | Noticed Jessica
  1198 | D:2      | Killed Jessica
  1804 | D:3      | Found a blossoming altar of Fedhas.
  2023 | D:3      | Noticed Crazy Yiuf
  2040 | D:3      | Killed Crazy Yiuf
  2040 | D:3      | Reached XP level 5. HP: 18/33 MP: 5/5
  2420 | D:4      | Found an ancient bone altar of Kikubaaqudgha.
  2472 | D:4      | Found a deep blue altar of Sif Muna.
  2474 | D:4      | Noticed skk's ghost (amateur DrFi)
  2475 | D:4      | Found an iron altar of Okawaru.
  3264 | D:4      | Found a radiant altar of Vehumet.
  3270 | D:4      | Became a worshipper of Warmaster Okawaru
  3802 | D:4      | Reached XP level 6. HP: 36/39 MP: 6/6
  3965 | D:4      | Killed from afar by an orc priest

Vault maps used:
D:1:      dpeg_arrival_refuge, serial_bayou_pond_d, minmay_quantized
D:2:      minivault_25, kennysheep_jessica_study
D:3:      fedhas_altar_fruit_tree, uniq_crazy_yiuf_cottage
D:4:      kiku_gazebo_pond_becter, grunt_temple_overflow_open

Skill      XL: |  1  2  3  4 |
---------------+-------------+-----
Armour         | 4 |  4.8
Shields        | 4 |  4.7
Maces & Flails | 3 |  3.6
Fighting       | 4 |  4.3

Action                   |  1- 3 |  4- 6 || total
-------------------------+-------+-------++-------
Melee: Flail             |   137 |    87 ||   224
       Mace              |       |   153 ||   153
  Eat: Chunk             |       |     5 ||     5
       Meat ration       |       |     1 ||     1
Armor: Scale mail        |    92 |   109 ||   201
Dodge: Dodged            |    42 |    60 ||   102
Block: Shield            |    97 |   127 ||   224
